 Dungeon Crawl Stone Soup version 0.29-a0-1043-g569b05d6ff (webtiles) character file.

Game seed: 3703610188546018747

67 Zeldest the Ducker (level 4, -2/40 HPs)
             Began as a Meteoran Monk on Aug 16, 2022.
             Slain by a white imp (4 damage)
             ... on level 6 of the Dungeon.
             The game lasted 00:05:02 (912 turns).

Zeldest the Ducker (Meteoran Monk)                   Turns: 912, Time: 00:05:03

Health: -2/40      AC:  2    Str: 14    XL:     4   Next: 67%
Magic:  5/5        EV: 14    Int: 12    God:
Gold:   166        SH:  5    Dex: 16    Spells: 3/3 levels left

rFire   . . .      SeeInvis .   a - +0 hand axe
rCold   . . .      Faith    .   (no shield)
rNeg    . . .      Spirit   .   b - +0 robe
rPois   .          Reflect  +   (no helmet)
rElec   .          Harm     .   (no cloak)
rCorr   .          Rampage  .   (no gloves)
Will    .....                   (no boots)
Stlth   +.........              c - amulet of reflection
HPRegen 0.13/turn               (no ring)
MPRegen 0.09/turn               (no ring)

@: mighty, glowing
A: sense surroundings 1, otherworldly, glowing, explore regen
a: no special abilities


You were on level 6 of the Dungeon.
You visited 1 branch of the dungeon, and saw 4 of its levels.

You collected 166 gold pieces.

Inventory:

Hand Weapons
 a - a +0 hand axe (weapon)
 h - a +0 dagger of venom
Missiles
 f - 3 throwing nets (quivered)
Armour
 b - a +0 robe (worn)
Jewellery
 c - an amulet of reflection (around neck)
 m - an amulet of faith
Scrolls
 e - 2 scrolls of teleportation {unknown}
 g - 2 scrolls of noise {unknown}
 o - a scroll of silence {unknown}
Potions
 d - 2 potions of attraction
 k - a potion of magic
 l - a potion of ambrosia


   Skills:
 + Level 3.9 Fighting
 + Level 4.3 Axes
 + Level 2.0 Armour
 + Level 4.3 Dodging
 - Level 1.4 Stealth


You had 3 spell levels left.
You didn't know any spells.
Your spell library contained the following spells:

 Spells                   Type           Power      Damage    Failure   Level
 Static Discharge         Conj/Air       0%         3-3/arc   45%         2
 Dispel Undead            Necr           0%         3d6       97%         4
 Sticky Flame             Conj/Fire      0%         2d3       97%         4


Dungeon Overview and Level Annotations

Branches:
Dungeon (3/15) Zot: 1473

Altars:

Shops:
D:2 (

Annotations:
D:3 Terence


Innate Abilities, Weirdness & Mutations

You passively map a small area around you.
You are easily found by Zot.
You glow in the dark.
You regain HP and MP as you explore.


Message History

You struggle to resist.
The white imp disappears for a moment.
You block the white imp's attack.
You barely miss the white imp. You barely miss the shadow imp.
The shadow imp gestures at you. Pain shoots through your body!
The white imp hits you. The white imp freezes you.
You hit the white imp but do no damage.
You hit the shadow imp but do no damage.
The white imp closely misses you. The shadow imp gestures at you.
Pain shoots through your body!
* * * LOW HITPOINT WARNING * * *
You feel much better. The white imp hits you. The white imp freezes you.
The shadow imp gestures at you. Pain shoots through your body!
You aren't carrying any items that you can evoke.
You feel very mighty all of a sudden.
The white imp hits you but does no damage.
The shadow imp gestures at you. Pain shoots through your body!
* * * LOW HITPOINT WARNING * * *
You hit the white imp.
The white imp is moderately wounded.
You hit the shadow imp.
You kill the shadow imp!
The white imp closely misses you. The white imp hits you.
* * * LOW HITPOINT WARNING * * *
The white imp freezes you.
* * * LOW HITPOINT WARNING * * *
Your Armour skill increases to level 2!
You closely miss the white imp.
The white imp is moderately wounded.
The white imp barely misses you.
You barely miss the white imp.
The white imp is moderately wounded.
The white imp hits you.
* * * LOW HITPOINT WARNING * * *
The white imp freezes you.
You die...

.#. #.....# ..
* .#.##..
?.###. * ~
,...... .....
, ~~ ~ ,#..#.#
....# * #..#.#
#?#.###.#* *
,**#..#.#
#$....<. *
#..#.###...# *
* #.......@..#
##.#.####5.# *
* * #.#.#**
^.... , **
#.#.. ...###
..####*,.?...,
, ,* ## ,,
......* * ,* ,
....... , * *
* * .#.##.# ,
* , , *


You could see a white imp.

Vanquished Creatures
  2 adders (D:2)
  A shadow imp (D:6)
  A dart slug (D:2)
  3 endoplasms (D:1)
  4 giant cockroaches
  3 goblins
  6 hobgoblins
  4 jackals (D:1)
  A quokka (D:2)
  4 ball pythons
  2 bats (D:2)
  A frilled lizard (D:1)
  2 kobolds
  2 rats (D:2)
36 creatures vanquished.

Notes
Turn   | Place    | Note
-------+----------+-------------------------------------------
     0 | D:1      | Zeldest the Meteoran Monk began the quest for the Orb.
     0 | D:1      | Reached XP level 1. HP: 19/19 MP: 2/2
   158 | D:1      | Found a faded altar of an unknown god.
   236 | D:1      | Reached XP level 2. HP: 20/26 MP: 3/3
   343 | D:1      | Reached skill level 1 in Armour
   441 | D:2      | Reached XP level 3. HP: 12/31 MP: 4/4
   481 | D:1      | HP: 1/33 [jackal (3)]
   589 | D:2      | Reached XP level 4. HP: 11/40 MP: 5/5
   629 | D:2      | Found Humav's Weapon Shop.
   806 | D:3      | Noticed Terence
   891 | D:3      | You fall into a shaft and drop 3 floors!
   912 | D:6      | HP: 2/40 [white imp (1)]
   912 | D:6      | Slain by a white imp

Illustrated notes

Levels and vault maps discovered:
D:1:      minmay_arrival_four_houses, layout_basic,
          hellmonk_ecumenical_altar_crossroads
D:2:      layout_rooms, serial_shops, nicolae_square_shop
D:3:      layout_loops_corners, uniq_natasha, uniq_terence,
          uniq_crazy_yiuf_cottage
D:6:      layout_loops_ring, kennysheep_slug_shrine,
          minmay_temple_entry_offerings, minmay_puff

Skill      XL: |  1  2  3  4 |
---------------+-------------+-----
Armour         | 1 2 |  2.0
Axes           | 4 |  4.3
Dodging        | 4 |  4.3
Fighting       | |  3.9
Stealth        | |  1.4

Action                   |  1- 3 |  4- 6 || total
-------------------------+-------+-------++-------
Melee: Hand axe          |    62 |    72 ||   134
       Punch             |       |     1 ||     1
Throw: Throwing net      |     1 |       ||     1
  Use: Potion            |     1 |     2 ||     3
       Scroll            |       |     4 ||     4
Armor: Robe              |    19 |    22 ||    41
Dodge: Dodged            |    57 |    42 ||    99
Block: Other             |       |    17 ||    17

Table legend: (Time is in decaauts)
 A = Elapsed time spent in this place.
 B = Non-inter-level travel time spent in this place.
 C = Inter-level travel time spent in this place.
 D = Time resting spent in this place.
 E = Time spent auto-exploring this place.
 F = Levels seen in this place.
 G = Mean time per level.
                   A        B        C        D        E       F      G
               +--------+--------+--------+--------+--------+-----+--------+
         Total |    925 |    854 |     71 |      0 |      0 |   4 |  231.2 |
       Dungeon |    925 |    854 |     71 |      0 |      0 |   4 |  231.2 |
               +--------+--------+--------+--------+--------+-----+--------+

Top non-repeatable levels by time:
     D:1: 477 daAuts
     D:2: 380 daAuts
     D:3: 44 daAuts
     D:6: 21 daAuts
